 Dungeon Crawl Stone Soup version 0.20.1-1-g8b1a95d (webtiles) character file.

2461 FollowTheCloud the Conjurer (level 9, -9/75 HPs)
             Began as a Purple Draconian Conjurer on Aug 24, 2017.
             Mangled by a hornet (12 damage)
             ... on level 6 of the Dungeon on Aug 25, 2017.
             The game lasted 00:26:44 (8405 turns).

FollowTheCloud the Conjurer (DrCj)                  Turns: 8405, Time: 00:26:44

Health: -9/75      AC:  8    Str: 12    XL:     9   Next: 26%
Magic:  2/19       EV: 15    Int: 18    God:
Gold:   321        SH:  0    Dex: 11    Spells: 11/22 levels left

rFire    . . .     SeeInvis .   E - +0 dagger (freeze)
rCold    . . .     Gourm    .   (no shield)
rNeg     . . .     Faith    .   (armour unavailable)
rPois    .         Spirit   .   (helmet restricted)
rElec    .         Reflect  .   (no cloak)
rCorr    .         Harm     .   (no gloves)
MR       ++...                  v - +0 pair of boots
Stlth    ++........             (no amulet)
Regen    0.3/turn               m - ring of protection from magic
MPRegen  0.2/turn               (no ring)

@: slowed, very slow
A: breathe power, unfitting armour, cold-blooded, AC +7
a: Breathe Dispelling Energy


You were on level 6 of the Dungeon.
You were not hungry.

You visited 2 branches of the dungeon, and saw 8 of its levels.

You collected 321 gold pieces.

Inventory:

Hand Weapons
 E - a +0 dagger of freezing (weapon)
Armour
 v - a +0 pair of boots (worn)
 z - a +0 buckler
Jewellery
 m - a ring of protection from magic (left hand)
 q - an uncursed amulet of faith {unknown}
 t - an uncursed ring of magical power {unknown}
 w - an uncursed ring of protection from cold {unknown}
 F - a +2 ring of strength {unknown}
Wands
 B - a wand of acid (5/15)
 C - a wand of iceblast (7/15)
 H - a wand of polymorph (8/24)
Scrolls
 e - 2 scrolls of immolation {unknown}
 f - 9 scrolls of identify {unknown}
 h - 3 scrolls of remove curse {unknown}
 i - 4 scrolls of enchant armour {unknown}
 j - 3 scrolls of recharging {unknown}
 n - 7 scrolls of teleportation {unknown}
 r - a scroll of noise {unknown}
 u - 4 scrolls of blinking {unknown}
 x - a scroll of fear {unknown}
 y - a scroll of magic mapping {unknown}
 D - a scroll of fog {unknown}
Potions
 c - a potion of haste {unknown}
 d - a potion of curing
 g - 2 potions of degeneration {unknown}
 k - 3 potions of flight {unknown}
 o - 2 potions of lignification {unknown}
 p - a potion of cancellation {unknown}
 G - a potion of heal wounds {unknown}
 J - a potion of ambrosia {unknown}
Books
 a - a book of Conjurations

   Spells                             Type                      Level
   a - Magic Dart                     Conjuration                  1
   b - Searing Ray                    Conjuration                  2
   c - Dazzling Spray                 Conjuration/Hexes            3
   d - Fulminant Prism                Conjuration/Hexes            4
   e - Force Lance                    Conjuration/Translocation    4
   f - Iskenderun's Mystic Blast      Conjuration                  4
 A - a book of Callings

   Spells                             Type                      Level
   a - Summon Small Mammal            Summoning                    1
   b - Call Imp                       Summoning                    2
   c - Call Canine Familiar           Summoning                    3
   d - Summon Guardian Golem          Hexes/Summoning              3
   e - Summon Lightning Spire         Summoning/Air                4
   f - Summon Ice Beast               Ice/Summoning                4
Comestibles
 b - 5 bread rations
 l - 3 meat rations
 s - 3 royal jellies


   Skills:
 + Level 6.1 Fighting
 + Level 6.1 Dodging
 - Level 1.7 Stealth
 + Level 7.2 Spellcasting
 + Level 7.7 Conjurations


You had 11 spell levels left.
You knew the following spells:

 Your Spells              Type           Power        Failure   Level  Hunger
a - Magic Dart            Conj           ####         1%          1    None
b - Searing Ray           Conj           ####..       1%          2    None
c - Dazzling Spray        Conj/Hex       ###...       6%          3    ##.....
d - Iskenderun's Mystic   Conj           ####....     4%          4    ####...
e - Summon Small Mammal   Summ           #...         11%         1    None


Dungeon Overview and Level Annotations

Branches:
Dungeon (7/15)             Temple (1/1) D:6

Altars:
Ashenzari
Cheibriados
Dithmenos
Elyvilon
Fedhas
Gozag
Hepliaklqana
Makhleb
Okawaru
Qazlal
Ru
Trog
Uskayaw
Vehumet
Xom
Yredelemnul
Zin

Shops:
D:4 !   D:7 *


Innate Abilities, Weirdness & Mutations

You can breathe bolts of dispelling energy.
Your rich purple scales are hard. (AC +7)
You cannot fit into any form of body armour.
You are cold-blooded and may be slowed by cold attacks.


Message History

The hornet closely misses you.
Casting: Iskenderun's Mystic Blast
Confirm with . or Enter, or press ? or * to list all spells.
Aiming: Iskenderun's Mystic Blast
Press: ? - help, Shift-Dir - straight line, f/p - hornet
Aim: a hornet (heavily wounded)
The orb of energy hits the hornet.
The hornet is almost dead.
The orb of energy explodes!
The hornet closely misses you. The hornet barely misses you.
Casting: Iskenderun's Mystic Blast
Confirm with . or Enter, or press ? or * to list all spells.
You don't know that spell.
Aiming: Corrosive Bolt (will waste charges)
Press: ? - help, Shift-Dir - straight line, f/p - hornet
Aim: a hornet (almost dead)
The bolt of acid misses the hornet.
Evoking this partially-identified wand wasted a few charges.
The hornet closely misses you. The hornet stings you!
You die...

........### #.....>............
..........#####.............#####
...........##...............# #
...........................##
...........................#
.......................#...#
...........................#
...)....<..>...............#
#####...........@.........## #
#......###..y..........## #
##....## ###.......##...## #
#....# #......####...#### #....#
#....### ##...... #....# ##....#
##..... #....# #....## ##.....
#....# #...## #...... # ##....##
##...# #......


You could see a hornet.

Vanquished Creatures
  A deep elf mage (D:7)
  The ghost of loom the Archer, an amateur CeHu (D:4)
  An ice beast (D:6)
  An orc warrior (D:6)
  2 phantoms
  3 ogres
  3 centaurs
  A bullfrog (D:6)
  5 scorpions
  2 howler monkeys
  A crimson imp (D:6)
  2 hounds (D:5)
  A quasit (D:6)
  A jelly (D:5)
  An iguana (D:5)
  6 worker ants
  7 adders
  7 gnolls
  An ooze (D:4)
  2 worms
  2 dart slugs
  2 leopard geckos
  19 orcs
  A ball python (D:5)
  6 giant cockroaches
  9 goblins
  9 hobgoblins
  5 jackals
  5 kobolds
  2 quokkas (D:5)
  10 bats
  7 frilled lizards
  2 quokka zombies
  8 rats
136 creatures vanquished.

Vanquished Creatures (others)
  A hound (D:5)
  A hound zombie (D:5)
  3 orcs (D:5)
5 creatures vanquished.

Grand Total: 141 creatures vanquished

Notes
Turn   | Place    | Note
-------+----------+-------------------------------------------
     0 | D:1      | FollowTheCloud the Draconian Conjurer began the quest for the Orb.
     0 | D:1      | Reached XP level 1. HP: 14/14 MP: 3/3
   328 | D:1      | Reached XP level 2. HP: 20/20 MP: 1/5
  1467 | D:1      | Reached XP level 3. HP: 26/26 MP: 2/6
  1538 | D:1      | Learned a level 2 spell: Searing Ray
  1542 | D:1      | Learned a level 3 spell: Dazzling Spray
  2129 | D:2      | Reached XP level 4. HP: 33/33 MP: 5/7
  2748 | D:3      | Found a bloodstained altar of Trog.
  3102 | D:3      | Reached XP level 5. HP: 33/38 MP: 1/9
  3176 | D:3      | Reached skill level 5 in Conjurations
  3728 | D:4      | Reached skill level 1 in Fighting
  3732 | D:4      | Noticed loom's ghost (amateur CeHu)
  3837 | D:4      | Reached XP level 6. HP: 42/47 MP: 5/11
  3965 | D:4      | Found a burning altar of Makhleb.
  3987 | D:4      | Found a blossoming altar of Fedhas.
  4500 | D:4      | Killed loom's ghost
  4500 | D:4      | Your scales start taking on a rich purple colour.
  4500 | D:4      | Reached XP level 7. HP: 35/57 MP: 0/14
  4635 | D:4      | Reached skill level 5 in Spellcasting
  4701 | D:4      | Found Gutuj's Distillery.
  4746 | D:5      | Entered Level 5 of the Dungeon
  4992 | D:4      | Learned a level 4 spell: Iskenderun's Mystic Blast
  5394 | D:5      | Reached XP level 8. HP: 66/66 MP: 5/16
  5848 | D:5      | Found a radiant altar of Vehumet.
  5861 | D:5      | Learned a level 1 spell: Summon Small Mammal
  6218 | D:5      | Found an opulent altar of Gozag.
  6343 | D:6      | Found a staircase to the Ecumenical Temple.
  6350 | Temple   | Entered the Ecumenical Temple
  6654 | D:6      | Reached skill level 5 in Dodging
  7157 | D:6      | Found a snail-covered altar of Cheibriados.
  7158 | D:6      | Found a hazy altar of Hepliaklqana.
  7331 | D:6      | Reached skill level 5 in Fighting
  8005 | D:7      | Found an iron altar of Okawaru.
  8005 | D:7      | Found Veuhunot's Assorted Antiques.
  8005 | D:7      | Noticed a deep elf mage
  8188 | D:7      | Noticed a hornet
  8259 | D:7      | Killed a deep elf mage
  8259 | D:7      | Reached XP level 9. HP: 75/75 MP: 2/19
  8394 | D:7      | Paralysed by a hornet for 3 turns
  8402 | D:6      | HP: 2/75 [hornet (9)]
  8405 | D:6      | Mangled by a hornet

Skill      XL: |  1  2  3  4  5  6  7  8 |
---------------+-------------------------+-----
Dodging        | 2 3 4 6 |  6.1
Spellcasting   | 3 4 5 7 |  7.2
Conjurations   | 5 6 7 |  7.7
Fighting       | 1 3 4 6 |  6.1
Stealth        | |  1.7

Action                   |  1- 3 |  4- 6 |  7- 9 || total
-------------------------+-------+-------+-------++-------
Melee: Unarmed           |    19 |       |       ||    19
       Tailslap          |     3 |    11 |    14 ||    28
       Dagger            |    29 |    86 |   102 ||   217
 Cast: Magic Dart        |    81 |   113 |    77 ||   271
       Searing Ray       |     2 |    13 |    17 ||    32
       Iskenderun's Myst |       |       |    31 ||    31
       Dazzling Spray    |       |       |     3 ||     3
 Abil: Breathe Dispellin |       |       |     2 ||     2
Evoke: Wand              |       |       |     2 ||     2
  Use: Potion            |       |       |     2 ||     2
 Stab: Sleeping          |       |     2 |     1 ||     3
  Eat: Chunk             |     5 |     8 |    10 ||    23
       Bread ration      |       |       |     2 ||     2
Armor: Skin              |    14 |    35 |    33 ||    82
Dodge: Dodged            |    41 |    84 |   130 ||   255
